 Dungeon Crawl Stone Soup version 0.29-a0-393-g47a863cc1b (webtiles) character file.

Game seed: 6153815991720484485

406 deadleaves the Magician (level 6, -5/28 HPs)
             Began as a Deep Elf Venom Mage on May 10, 2022.
             Was a Follower of Hepliaklqana.
             Killed by divine providence
             ... invoked by an orc priest
              (10 damage)
             ... on level 5 of the Dungeon.
             The game lasted 00:18:41 (4387 turns).

deadleaves the Magician (Deep Elf Venom Mage)       Turns: 4387, Time: 00:18:44

Health: -5/28      AC:  3    Str:  5    XL:     6   Next: 56%
Magic:  12/15      EV: 13    Int: 22    God:    Hepliaklqana [*.....]
Gold:   215        SH:  0    Dex: 15    Spells: 9/15 levels left

rFire   . . .      SeeInvis +   B - +2 dagger (drain)
rCold   . . .      Faith    .   (no shield)
rNeg    . . .      Spirit   .   a - +0 robe
rPois   .          Reflect  .   (no helmet)
rElec   .          Harm     .   (no cloak)
rCorr   .          Rampage  .   (no gloves)
Will    .....                   k - +0 pair of boots
Stlth   ++........              C - amulet of magic regeneration
HPRegen 0.09/turn               j - ring of see invisible
MPRegen 0.54/turn               (no ring)

@: no status effects
A: reduced essence
a: Renounce Religion, Recall Ancestor, Ancestor Identity


You were on level 5 of the Dungeon.
You worshipped Hepliaklqana.
Hepliaklqana was aware of your devotion.
You visited 1 branch of the dungeon, and saw 5 of its levels.

You collected 215 gold pieces.

Inventory:

Hand Weapons
 B - a +2 dagger of draining (weapon)
Armour
 a - a +0 robe (worn)
 k - a +0 pair of boots (worn)
Magical Staves
 l - a staff of conjuration
Jewellery
 j - a ring of see invisible (left hand)
 q - a ring of ice
 y - a ring of fire
 C - an amulet of magic regeneration (around neck)
Wands
 d - a wand of digging (4)
 t - a wand of flame (14)
Scrolls
 e - 2 scrolls of amnesia
 g - 2 scrolls of teleportation
 n - a scroll of fog {unknown}
 p - 3 scrolls of magic mapping {unknown}
 r - a scroll of enchant armour {unknown}
 u - a scroll of immolation {unknown}
 v - a scroll of noise {unknown}
 w - a scroll of enchant weapon {unknown}
 x - a scroll of poison {unknown}
Potions
 b - 3 potions of magic
 c - a potion of heal wounds
 f - a potion of might {unknown}
 h - a potion of haste
 m - a potion of ambrosia {unknown}
 o - 3 potions of brilliance {unknown}
 s - 2 potions of lignification {unknown}
 z - 2 potions of resistance {unknown}
 A - a potion of invisibility {unknown}
 D - a potion of curing


   Skills:
 + Level 4.3 Dodging
 - Level 2.6 Stealth
 + Level 5.0 Spellcasting
 + Level 2.5 Conjurations
 - Level 1.5 Transmutations
 + Level 2.5 Air Magic
 + Level 4.8 Poison Magic


You had 9 spell levels left.
You knew the following spells:

 Your Spells              Type           Power      Damage    Failure   Level
a - Sting                 Tmut/Pois      76%        1d6       2%          1
b - Poisonous Vapours     Pois/Air       42%        N/A       3%          2
c - Mephitic Cloud        Conj/Pois/Air  20%        N/A       8%          3

Your spell library contained the following spells:

 Spells                   Type           Power      Damage    Failure   Level
 Magic Dart               Conj           64%        1d6       3%          1
 Olgreb's Toxic Radiance  Pois           26%        N/A       14%         4
 Call Imp                 Summ           5%         N/A       16%         2


Dungeon Overview and Level Annotations

Branches:
Dungeon (5/15)
 Temple: D:4-7

Altars:
Cheibriados
Dithmenos
Hepliaklqana
Okawaru
Sif Muna
The Shining One

Shops:
D:2 [   D:4 (

Portals:
Ossuary: D:5

Annotations:
D:5 1 runed translucent door, NateTC's ghost, novice TrMo


Message History

Confirm with . or Enter, or press ? or * to list all spells.
The spell is quite dangerous to miscast (8% risk of failure)!
Continue anyway?
Aiming: Mephitic Cloud (quite dangerous; 8% risk of failure)
Press: ? - help, Shift-Dir - straight line, p - ogre The ball explodes into a vile cloud!
The stinking cloud engulfs the ogre but does no damage.
The ogre is heavily wounded.
The stinking cloud engulfs the orc priest but does no damage.
The stinking cloud engulfs the jackal zombie but does no damage.
You hear an angry hiss. x2
Huemac hits the ogre.
The ogre hits you with a +0 giant club!
* * * LOW HITPOINT WARNING * * *
Unknown command.
Blink to where?
Press: ? - help, Dir - move target
As you read the scroll of blinking, it crumbles to dust.
You hear the slow hiss of an avalanche of sand nearby.
Your magical contamination has completely faded away.
Press: ? - help, v - describe, . - travel A rock wall.
Unknown command.
Press: ? - help, v - describe, . - travel The floor.
Casting: Mephitic Cloud (quite dangerous; 8% risk of failure)
Confirm with . or Enter, or press ? or * to list all spells.
Aiming: Poisonous Vapours (safe; 3% risk of failure)
Press: ? - help, Dir - move target, f - orc priest
Aim: an orc priest, wielding a +0 club Poisonous vapours surround the orc priest!
The orc priest is poisoned.
Casting: Poisonous Vapours (safe; 3% risk of failure)
Confirm with . or Enter, or press ? or * to list all spells.
Aiming: Poisonous Vapours (safe; 3% risk of failure)
Press: ? - help, Dir - move target, f/p - orc priest
Aim: an orc priest, wielding a +0 club (poisoned) Poisonous vapours surround the orc priest!
The orc priest looks even sicker.
The orc priest invokes the aid of Beogh against you.
Beogh smites you!
You die...

##.####.........
###Z###........#
#..o#............
###................
#.........)...##.##
#..................
#....###.............
##....
#....##...#.....
####..#....@.##......
#.......####....#
##....).........##
####............
##.....###.##
##.........#
#........# <
#..####..###...
#####........#..


You could see an orc priest (very poisoned) and a jackal zombie.

Vanquished Creatures
  3 hounds
  An orc wizard (D:5)
  Natasha (twice) (D:4)
  6 gnolls (D:3)
  6 adders
  4 dart slugs
  9 orcs
  6 ball pythons
  3 bats
  3 endoplasms
  3 giant cockroaches
  5 goblins
  6 hobgoblins
  5 kobolds
  3 quokkas
  2 frilled lizards (D:1)
  3 rats
  2 bushes (D:2)
72 creatures vanquished.

Vanquished Creatures (collateral kills)
  A howler monkey (D:5)
  An adder (D:4)
  An orc (D:5)
  An endoplasm (D:4)
4 creatures vanquished.

Vanquished Creatures (others)
  An ancestor (D:4)
  A plant (D:2)
2 creatures vanquished.

Grand Total: 78 creatures vanquished

Notes
Turn   | Place    | Note
-------+----------+-------------------------------------------
     0 | D:1      | deadleaves the Deep Elf Venom Mage began the quest for the
                  | Orb.
     0 | D:1      | Reached XP level 1. HP: 10/10 MP: 6/6
   320 | D:1      | Reached XP level 2. HP: 15/15 MP: 5/8
  1076 | D:2      | Learned a level 2 spell: Poisonous Vapours
  1161 | D:2      | Found a snail-covered altar of Cheibriados.
  1245 | D:2      | Reached XP level 3. HP: 19/19 MP: 0/10
  1372 | D:2      | Found a faded altar of an unknown god.
  1648 | D:2      | Learned a level 3 spell: Mephitic Cloud
  1752 | D:2      | Found Ruwnexzu's Antique Armour Shop.
  1776 | D:3      | Found a shadowy altar of Dithmenos.
  1873 | D:3      | Reached skill level 1 in Air Magic
  1909 | D:3      | Reached XP level 4. HP: 9/24 MP: 3/11
  1954 | D:3      | Reached skill level 4 in Spellcasting
  1990 | D:3      | Reached skill level 1 in Conjurations
  2608 | D:3      | Found a hazy altar of Hepliaklqana.
  2608 | D:3      | Found a shimmering blue altar of Sif Muna.
  2641 | D:3      | Became a worshipper of Hepliaklqana the Forgotten
  3274 | D:4      | Reached XP level 5. HP: 20/28 MP: 8/13
  3675 | D:4      | Reached * piety under Hepliaklqana
  3778 | D:4      | Found an iron altar of Okawaru.
  3976 | D:4      | Noticed Natasha
  3989 | D:4      | Killed Natasha
  4002 | D:4      | Noticed Natasha
  4008 | D:4      | Killed Natasha
  4136 | D:4      | Found Sifoem's Weapon Shoppe.
  4179 | D:4      | Found a glowing golden altar of the Shining One.
  4223 | D:5      | Entered Level 5 of the Dungeon
  4223 | D:5      | Found a runed translucent door.
  4229 | D:5      | Reached XP level 6. HP: 28/28 MP: 13/15
  4237 | D:5      | Noticed NateTC's ghost (novice TrMo)
  4349 | D:5      | Reached skill level 5 in Spellcasting
  4367 | D:5      | Found a sand-covered staircase.
  4387 | D:5      | Killed from afar by an orc priest

Illustrated notes

Levels and vault maps discovered:
D:1:      roderic_dead_forest, layout_loops_ring, minmay_tripent
D:2:      layout_basic, basic_altar, shapermc_ecumenical_altar_pompeii,
          serial_shops, nicolae_lakefront_shop, serial_forest,
          infiniplex_forest_clump_long, infiniplex_forest_join,
          infiniplex_forest_clump_diagonal, infiniplex_forest_clump_medium
D:3:      layout_rooms, grunt_dithmenos_smoke_and_mirrors,
          gammafunk_temple_overflow_wave
D:4:      layout_loops_ring, lemuel_round_altar, mainiacjoe_overflow_alcove_4,
          serial_shops, shop, minivault_19, minmay_diced_spiral, uniq_natasha
D:5:      layout_cave_pools, enter_ossuary_3, ebering_ghost_sewer_f

Skill      XL: |  1  2  3  4  5  6 |
---------------+-------------------+-----
Dodging        | 3 4 |  4.3
Air Magic      | 1 2 |  2.5
Poison Magic   | 4 |  4.8
Spellcasting   | 4 5 |  5.0
Conjurations   | 1 2 |  2.5
Stealth        | |  2.6
Transmutations | |  1.5

Action                   |  1- 3 |  4- 6 || total
-------------------------+-------+-------++-------
Melee: Long sword        |     1 |       ||     1
       Dagger            |    28 |   168 ||   196
       Punch             |       |     4 ||     4
 Cast: Sting             |    52 |    53 ||   105
       Poisonous Vapours |     2 |    31 ||    33
       Mephitic Cloud    |     1 |     4 ||     5
  Use: Scroll            |       |     4 ||     4
 Stab: Sleeping          |     4 |     3 ||     7
       Confused          |       |     1 ||     1
Armor: Robe              |     7 |     7 ||    14
Dodge: Dodged            |    15 |    27 ||    42

Table legend: (Time is in decaauts)
 A = Elapsed time spent in this place.
 B = Non-inter-level travel time spent in this place.
 C = Inter-level travel time spent in this place.
 D = Time resting spent in this place.
 E = Time spent auto-exploring this place.
 F = Levels seen in this place.
 G = Mean time per level.
                   A        B        C        D        E       F      G
               +--------+--------+--------+--------+--------+-----+--------+
         Total |   4384 |   4323 |     61 |    832 |   2460 |   5 |  876.8 |
       Dungeon |   4384 |   4323 |     61 |    832 |   2460 |   5 |  876.8 |
               +--------+--------+--------+--------+--------+-----+--------+

Top non-repeatable levels by time:
     D:3: 1152 daAuts
     D:2: 1111 daAuts
     D:4: 1018 daAuts
     D:1: 938 daAuts
     D:5: 163 daAuts
